 Dungeon Crawl Stone Soup version 0.31-a0-278-g485e682e34 (webtiles) character file.

Game seed: 4350660490589750813

215 AdnanSaban the Cudgeller (level 5, -2/33 HPs)
             Began as a Gargoyle Fighter on July 15, 2023.
             Slain by a yak (7 damage)
             ... on level 5 of the Dungeon.
             The game lasted 00:03:11 (2454 turns).

AdnanSaban the Cudgeller (Gargoyle Fighter)         Turns: 2454, Time: 00:03:11

Health: -2/33      AC: 11    Str: 22    XL:     5   Next: 92%
Magic:  5/5        EV:  9    Int:  8    God:
Gold:   167        SH:  4    Dex:  9    Spells: 4/4 levels left

rFire   . . .        a - +0 flail
rCold   . . .        c - +0 buckler
rNeg    + . .        b - +0 scale mail
rPois   ∞            (no helmet)
rElec   +            (no cloak)
rCorr   .            (no gloves)
SInv    .            (no boots)
Will    .....        (no amulet) Stlth
                     (no ring)
HPRegen 0.25/turn    (no ring)
MPRegen 0.09/turn

%: no passive effects
@: no status effects
A: sickness immunity, AC +4, negative energy resistance 1, electricity
resistance, torment resistance 1, petrification resistance
a: no special abilities


You were on level 5 of the Dungeon.
You visited 1 branch of the dungeon, and saw 4 of its levels.

You collected 167 gold pieces.

Inventory:

Hand Weapons
 a - a +0 flail (weapon)
Armour
 b - a +0 scale mail (worn)
 c - a +0 buckler (worn)
Wands
 j - a wand of flame (11)
Scrolls
 e - a scroll of enchant armour {unknown}
 g - 3 scrolls of acquirement {unknown}
 h - a scroll of summoning {unknown}
 k - 2 scrolls of identify {unknown}
 l - 2 scrolls of immolation {unknown}
 m - a scroll of revelation {unknown}
 o - a scroll of fear {unknown}
 p - a scroll of noise {unknown}
 q - a scroll of silence {unknown}
 r - a scroll of blinking {unknown}
 t - a scroll of enchant weapon {unknown}
Potions
 d - 2 potions of might
 f - 3 potions of curing {unknown}
 i - a potion of attraction {unknown}
 n - a potion of heal wounds {unknown}
 s - a potion of brilliance {unknown}


   Skills:
 + Level 4.3 Fighting
 + Level 4.3 Maces & Flails
 + Level 4.3 Armour
 + Level 3.8 Shields


You had 4 spell levels left.
You didn't know any spells.
Your spell library contained the following spells:

 Spells                   Type           Power      Damage    Failure   Level
 Tukima's Dance           Hex            0%         N/A       99%         3
 Passage of Golubria      Tloc           0%         N/A       100%        4
 Yara's Violent Unravell  Hex/Tmut       0%         3d3       100%        5


Dungeon Overview and Level Annotations

Branches:
Dungeon (5/15)
 Temple: D:4-7

Altars:
Ashenzari
Dithmenos
Kikubaaqudgha
Sif Muna


Innate Abilities, Weirdness & Mutations

You are immune to sickness and miasma.
Your stone body is resilient. (AC +4)
You are immune to poison.
You resist negative energy. (rN+)
You are resistant to electric shocks. (rElec)
You are resistant to unholy torment.
You are immune to petrification.


Message History

The yak is lightly wounded.
The scorpion stings you. The yak gores you but does no damage.
The scorpion stings you but does no damage.
You hit the yak.
The yak is moderately wounded.
The yak gores you but does no damage.
The scorpion stings you but does no damage.
You barely miss the yak.
The yak is moderately wounded.
The scorpion closely misses you. The yak barely misses you.
You hit the yak.
The yak is moderately wounded.
The scorpion stings you. The yak gores you but does no damage.
The scorpion barely misses you.
You thump the yak!
The yak is severely wounded.
The yak gores you. The scorpion closely misses you. The yak gores you!
* * * LOW HITPOINT WARNING * * *
You are too injured to fight recklessly!
You are too injured to fight recklessly!
You are too injured to fight recklessly!
You are too injured to fight recklessly!
You are too injured to fight recklessly!
You are too injured to fight recklessly!
You are too injured to fight recklessly!
You are too injured to fight recklessly!
You are too injured to fight recklessly!
You are too injured to fight recklessly!
You are too injured to fight recklessly!
You are too injured to fight recklessly!
You are too injured to fight recklessly!
You hit the yak but do no damage.
The yak is severely wounded.
You block the scorpion's attack. The yak completely misses you.
The scorpion stings you.
* * * LOW HITPOINT WARNING * * *
You closely miss the yak.
The yak is severely wounded.
The yak gores you!
You die...

..#### ######## ...#..
........ #...# #..... #
#<.# #...# ##.
##.####..### #.#
##.......##.## ..#
##......#.8Y.$#._.
..#####......##.@..$#...
.<.##..#####.##.s..$#...
......## #.##.8..$#._.
##..### #....##.## ..
#### ####.. ## #.. #..
##


You could see a yak and a scorpion.

Vanquished Creatures
  A scorpion (D:4)
  A jelly (D:4)
  An iguana (D:4)
  An adder (D:2)
  2 worms (D:4)
  3 dart slugs
  11 orcs (D:4)
  7 ball pythons
  2 bats
  3 bat skeletons (D:2)
  7 endoplasms
  2 giant cockroaches (D:2)
  2 goblins
  4 hobgoblins
  3 quokkas
  2 ball python skeletons (D:2)
  A ball python zombie (D:2)
  10 kobolds
  A quokka zombie (D:2)
  A rat (D:2)
65 creatures vanquished.

Notes
Turn   | Place    | Note
-------+----------+-------------------------------------------
     0 | D:1      | AdnanSaban the Gargoyle Fighter began the quest for the
                  | Orb.
     0 | D:1      | Reached XP level 1. HP: 14/14 MP: 1/1
   141 | D:1      | Reached XP level 2. HP: 2/19 MP: 2/2
   500 | D:1      | Reached XP level 3. HP: 24/24 MP: 3/3
   883 | D:2      | Found a faded altar of an unknown god.
  1136 | D:2      | You fall into a shaft and drop 2 floors!
  1148 | D:4      | Found a shadowy altar of Dithmenos.
  1193 | D:4      | Reached XP level 4. HP: 12/29 MP: 4/4
  1220 | D:4      | HP: 1/29 [goblin/+0 dagger (3)]
  1354 | D:4      | Found a shimmering blue altar of Sif Muna.
  1581 | D:4      | Reached XP level 5. HP: 33/33 MP: 5/5
  2429 | D:5      | Entered Level 5 of the Dungeon
  2446 | D:5      | Found a broken altar of Ashenzari.
  2446 | D:5      | Noticed a yak
  2447 | D:5      | Found an ancient bone altar of Kikubaaqudgha.
  2454 | D:5      | Slain by a yak

Illustrated notes

Levels and vault maps discovered:
D:1:      saegor_arrival_simple_c, layout_basic, feat_on_display
D:2:      layout_loops_ring, serial_undead, serial_undead_b, serial_undead_a,
          serial_undead_e, serial_undead_a, serial_undead_a, serial_undead_c,
          serial_undead_f, hellmonk_ecumenical_altar_inner_sanctum
D:4:      minmay_inner_zag, layout_basic, nicolae_dithmenos_shadow_blocks,
          nicolae_sif_muna_condensation, serial_corexii_hall,
          chequers_hall_statues_y, chequers_hall_statues_wall_a,
          corexii_hall_statues_s, corexii_hall_statues_s,
          kennysheep_minor_cross, dilly_guarded_unrand_morg
D:5:      layout_layer_cave, jmf_multi_god_temple, minmay_temple_entry_glass,
          enter_ossuary_3, fountainhead

Skill      XL: |  1  2  3  4  5 |
---------------+----------------+-----
Maces & Flails | 3 4 |  4.3
Fighting       | 4 |  4.3
Armour         | 4 |  4.3
Shields        | |  3.8

Action                     |  1- 3 |  4- 6 || total
---------------------------+-------+-------++-------
  Melee: Flail             |   124 |   107 ||   231
 Armour: Scale mail        |    61 |    46 ||   107
  Dodge: Dodged            |    72 |    44 ||   116
  Block: Buckler           |    23 |    27 ||    50

Table legend: (Time is in decaauts)
 A = Elapsed time spent in this place.
 B = Non-inter-level travel time spent in this place.
 C = Inter-level travel time spent in this place.
 D = Time resting spent in this place.
 E = Time spent auto-exploring this place.
 F = Levels seen in this place.
 G = Mean time per level.
                   A        B        C        D        E       F      G
               +--------+--------+--------+--------+--------+-----+--------+
         Total |   2517 |   2464 |     53 |      0 |   1939 |   4 |  629.2 |
       Dungeon |   2517 |   2464 |     53 |      0 |   1939 |   4 |  629.2 |
               +--------+--------+--------+--------+--------+-----+--------+

Top non-repeatable levels by time:
     D:4: 1322 daAuts
     D:1: 723 daAuts
     D:2: 445 daAuts
     D:5: 26 daAuts
